 Dungeon Crawl Stone Soup version 0.29-a0-757-g358383bc75 (webtiles) character file.

Game seed: 13952626360663775593

3759 porpoise the Spear-Bearer (level 10, -1/79 HPs)
             Began as a Merfolk Fighter on July 1, 2022.
             Slain by a centaur warrior zombie (9 damage)
             ... on level 7 of the Dungeon.
             The game lasted 00:23:33 (5986 turns).

porpoise the Spear-Bearer (Merfolk Fighter)         Turns: 5986, Time: 00:23:34

Health: -1/79      AC:  9    Str: 19    XL:     10   Next: 15%
Magic:  10/10      EV: 12    Int:  9    God:
Gold:   411        SH:  5    Dex: 14    Spells: 9/9 levels left

rFire   . . .      SeeInvis .   a - +4 demon trident (drain)
rCold   . . .      Faith    .   c - +0 buckler
rNeg    . . .      Spirit   .   k - +0 scale mail
rPois   .          Reflect  .   (no helmet)
rElec   .          Harm     .   o - +0 cloak
rCorr   .          Rampage  .   (no gloves)
Will    .....                   h - +0 pair of boots
Stlth   ..........              (no amulet)
HPRegen 0.23/turn               (no ring)
MPRegen 0.12/turn               (no ring)

@: mighty, on berserk cooldown, slowed, very slow
A: (nimble swimmer 2), mertail
a: no special abilities


You were on level 7 of the Dungeon.
You visited 1 branch of the dungeon, and saw 7 of its levels.

You collected 411 gold pieces.

Inventory:

Hand Weapons
 a - a +4 demon trident of draining (weapon)
 b - a +0 sling
 f - the +3 hammer of Cocytus {drain, rCorr Str-2 Dex+4}
   (You found it on level 2 of the Dungeon)

   A truly terrible weapon, it drains the life of any living foe it strikes.
   Str:       It affects your strength (-2).
   Dex:       It affects your dexterity (+4).
   rCorr:     It protects you from acid and corrosion.
 n - a +3 hammer of protection
 u - a +0 eveningstar
Missiles
 r - 4 poisoned darts (quivered)
 t - 2 silver javelins
Armour
 c - a +0 buckler (worn)
 h - a +0 pair of boots (worn)
 k - a +0 scale mail (worn)
 o - a +0 cloak (worn)
 v - the +1 leather armour of Cewasets {Int+4}
   (You found it on level 7 of the Dungeon)

   Int:       It affects your intelligence (+4).
Magical Staves
 i - a staff of conjuration
Wands
 g - a wand of quicksilver (3)
 q - a wand of flame (19)
Scrolls
 e - 2 scrolls of vulnerability
 j - a scroll of torment
 l - 3 scrolls of identify
 m - a scroll of fear
Potions
 d - a potion of might


   Skills:
 - Level 7.0 Fighting
 + Level 13.6 Polearms
 - Level 5.0 Armour
 - Level 7.0 Dodging
 - Level 3.0 Shields


You had 9 spell levels left.
You didn't know any spells.
Your spell library contained the following spells:

 Spells                   Type           Power      Damage    Failure   Level
 Call Canine Familiar     Summ           0%         N/A       99%         3
 Ozocubu's Armour         Ice            0%         N/A       99%         3
 Portal Projectile        Hex/Tloc       0%         N/A       99%         3
 Stone Arrow              Conj/Erth      0%         3d7       99%         3
 Animate Armour           Summ/Erth      0%         N/A       100%        4
 Leda's Liquefaction      Hex/Erth       0%         N/A       100%        4
 Alistair's Intoxication  Tmut/Pois      0%         N/A       100%        5
 Borgnjor's Vile Clutch   Necr/Erth      0%         N/A       100%        5
 Eringya's Noxious Bog    Tmut/Pois      0%         N/A       100%        6
 Ozocubu's Refrigeration  Ice            0%         4d5       100%        7
 Lehudib's Crystal Spear  Conj/Erth      0%         10d2      100%        8


Dungeon Overview and Level Annotations

Branches:
Dungeon (7/15)
 Temple: D:4-7

Altars:
Elyvilon
Ru
Uskayaw
Wu Jian
Zin

Annotations:
D:6 1 exclusion


Innate Abilities, Weirdness & Mutations

((You are very nimble when in or above water. (Stealth+, EV+, Speed+++)))
Your lower body shifts to a powerful aquatic tail in water.


Message History

A centaur warrior zombie comes into view.
You puncture the centaur warrior skeleton!
You destroy the centaur warrior skeleton!
Your Dodging skill increases to level 6!
You have reached level 10!
You feel stronger.
You puncture the wolf spider zombie!
The wolf spider zombie is almost destroyed.
You puncture the wolf spider zombie!
The wolf spider zombie is almost destroyed.
The wolf spider zombie barely misses you.
You block the wolf spider zombie's attack.
You puncture the wolf spider zombie!
You destroy the wolf spider zombie!
Training target 7.0 for Dodging reached!
Your Polearms skill increases to level 13!
Your Dodging skill increases to level 7!
The centaur warrior zombie hits you but does no damage.
You block the centaur warrior zombie's attack. x2
The centaur warrior zombie kicks you but does no damage.
You impale the centaur warrior zombie!!
The centaur warrior zombie is moderately damaged.
The centaur warrior zombie hits you but does no damage.
You block the centaur warrior zombie's attack.
You puncture the centaur warrior zombie!
The centaur warrior zombie is heavily damaged.
The centaur warrior zombie hits you but does no damage.
The centaur warrior zombie kicks you but does no damage.
You are no longer berserk.
You are exhausted.
You feel yourself slow down.
You completely miss the centaur warrior zombie.
The centaur warrior zombie is heavily damaged.
The centaur warrior zombie hits you.
* * * LOW HITPOINT WARNING * * *
The centaur warrior zombie kicks you but does no damage.
You puncture the centaur warrior zombie!
The centaur warrior zombie is heavily damaged.
The centaur warrior zombie hits you!
You die...

#.## ####..# #... ....#..#
#..# #......# Z
#..#####.#.##.# ..
......##[#.##.#
P.....####......<...##.####
[.8P......Z.##.......).).).
..... #Z# ####.#..#.####
8.....####@###.........####
8.8.P.?.........#..........
...8.8..........###..######
......####.####.# #.>#
....#. #.# #.# #.... ### #
#.# #.# #.#### ... ... ...
### .## ###


You could see 2 centaur warrior zombies.

Vanquished Creatures
  A wolf spider zombie (D:7)
  A centaur zombie (D:7)
  2 centaur skeletons (D:7)
  An unseen horror (D:6)
  A hellwing (D:7)
  An orc warrior (D:6)
  An ice beast (D:6)
  3 necrophages
  8 wights
  A scorpion (D:5)
  A vampire bat (D:5)
  A howler monkey (D:6)
  6 hounds
  Crazy Yiuf (D:2)
  4 orc priests
  4 iguanas
  7 orc wizards
  8 adders
  3 gnolls (D:3)
  6 shadow imps
  2 white imps
  An ufetubus (D:4)
  A worm (D:2)
  6 dart slugs
  3 fire bats (D:5)
  13 orcs
  2 spectral bats (D:5)
  4 ball pythons
  3 bat skeletons (D:5)
  A bat zombie (D:5)
  An endoplasm (D:3)
  5 giant cockroaches
  4 goblins
  6 hobgoblins
  7 jackals
  4 quokkas
  11 bats
  A bat simulacrum (D:5)
  A frilled lizard (D:2)
  7 kobolds
  2 rats
146 creatures vanquished.

Vanquished Creatures (others)
  3 plants (D:3)
  2 withered plants (D:7)
5 creatures vanquished.

Grand Total: 151 creatures vanquished

Notes
Turn   | Place    | Note
-------+----------+-------------------------------------------
     0 | D:1      | porpoise the Merfolk Fighter began the quest for the Orb.
     0 | D:1      | Reached XP level 1. HP: 18/18 MP: 1/1
   277 | D:1      | Reached skill level 3 in Polearms
   345 | D:1      | Reached XP level 2. HP: 22/24 MP: 2/2
   625 | D:2      | Reached XP level 3. HP: 29/30 MP: 3/3
   720 | D:2      | Reached skill level 4 in Polearms
   826 | D:2      | Identified the +3 hammer of Cocytus {drain, rCorr Str-2
                  | Dex+4}
   830 | D:2      | Found a runed translucent door.
   831 | D:2      | Noticed Crazy Yiuf
   837 | D:2      | Killed Crazy Yiuf
   838 | D:2      | Reached XP level 4. HP: 38/38 MP: 4/4
  1390 | D:3      | Reached skill level 5 in Polearms
  1393 | D:3      | Reached XP level 5. HP: 12/43 MP: 5/5
  1395 | D:3      | Reached skill level 5 in Fighting
  1736 | D:3      | Found a hide-covered altar of Uskayaw.
  1852 | D:3      | Found a faded altar of an unknown god.
  2157 | D:4      | Reached skill level 6 in Polearms
  2157 | D:4      | Reached XP level 6. HP: 51/51 MP: 6/6
  2751 | D:4      | Reached skill level 7 in Polearms
  2751 | D:4      | Reached XP level 7. HP: 46/59 MP: 7/7
  3185 | D:5      | Entered Level 5 of the Dungeon
  3356 | D:5      | Identified a scroll of acquirement
  3356 | D:5      | Acquired a +3 demon trident of draining
  3570 | D:5      | Reached skill level 8 in Polearms
  3868 | D:5      | Reached XP level 8. HP: 65/67 MP: 8/8
  3949 | D:5      | Reached skill level 9 in Polearms
  4687 | D:6      | Reached skill level 10 in Polearms
  4962 | D:6      | Reached XP level 9. HP: 69/72 MP: 9/9
  5045 | D:6      | Found a sacrificial altar of Ru.
  5049 | D:6      | Found a white marble altar of Elyvilon.
  5050 | D:6      | Found a glowing silver altar of Zin.
  5053 | D:6      | Found an ornate altar of the Wu Jian Council.
  5249 | D:6      | Killed an unseen horror
  5250 | D:6      | Reached skill level 11 in Polearms
  5250 | D:6      | Reached skill level 5 in Armour
  5515 | D:6      | Noticed a boulder beetle
  5891 | D:7      | Reached skill level 1 in Dodging
  5915 | D:7      | Identified the +1 leather armour of Cewasets {Int+4}
  5925 | D:7      | Noticed a hellwing
  5946 | D:7      | Killed a hellwing
  5966 | D:7      | Reached skill level 12 in Polearms
  5972 | D:7      | Reached skill level 5 in Dodging
  5978 | D:7      | Reached XP level 10. HP: 14/79 MP: 10/10
  5981 | D:7      | Reached skill level 13 in Polearms
  5986 | D:7      | Slain by a centaur warrior zombie

Illustrated notes

Levels and vault maps discovered:
D:1:      scummos_arrival_simple_crosswalls, layout_rooms
D:2:      layout_basic, uniq_crazy_yiuf_cottage
D:3:      layout_rooms, mainiacjoe_overflow_chevrons,
          ebering_ecumenical_altar_sacrificial
D:4:      layout_loops_corners
D:5:      layout_loops_ring, ebering_dispersal_statue_hall, goddamned_bats
D:6:      layout_basic, minitemple, minmay_misc_feat_tower, minmay_three_doors
D:7:      cheibrodos_grave_circle, layout_loops_ring, minmay_temple_entry_grid,
          nicolae_ossuary_entry_false_entrances, uniq_prince_ribbit1,
          uniq_maggie

Skill      XL: |  1  2  3  4  5  6  7  8  9 10 |
---------------+-------------------------------+-----
Polearms       | 3 4 5 6 7 8 10 12 13 | 13.6
Fighting       | 4 5 6 7 |  7.0
Armour         | 4 5 |  5.0
Dodging        | 6 7 |  7.0
Shields        | |  3.0

Action                   |  1- 3 |  4- 6 |  7- 9 | 10-12 || total
-------------------------+-------+-------+-------+-------++-------
Melee: Trident           |    75 |       |       |       ||    75
       Mace              |     2 |   122 |     8 |       ||   132
       Demon trident     |       |       |   233 |     7 ||   240
 Fire: Sling             |    10 |     3 |    11 |       ||    24
Throw: Dart              |       |     4 |     1 |       ||     5
  Use: Scroll            |       |       |    11 |       ||    11
       Potion            |       |       |     4 |       ||     4
Armor: Scale mail        |    30 |    53 |   116 |     6 ||   205
Dodge: Dodged            |    22 |    53 |   102 |     1 ||   178
Block: Buckler           |    17 |    33 |    45 |     4 ||    99

Table legend: (Time is in decaauts)
 A = Elapsed time spent in this place.
 B = Non-inter-level travel time spent in this place.
 C = Inter-level travel time spent in this place.
 D = Time resting spent in this place.
 E = Time spent auto-exploring this place.
 F = Levels seen in this place.
 G = Mean time per level.
                   A        B        C        D        E       F      G
               +--------+--------+--------+--------+--------+-----+--------+
         Total |   6018 |   5878 |    140 |   1673 |   3108 |   7 |  859.7 |
       Dungeon |   6018 |   5878 |    140 |   1673 |   3108 |   7 |  859.7 |
               +--------+--------+--------+--------+--------+-----+--------+

Top non-repeatable levels by time:
     D:6: 1599 daAuts
     D:4: 1170 daAuts
     D:5: 1014 daAuts
     D:2: 888 daAuts
     D:3: 708 daAuts
     D:1: 508 daAuts
     D:7: 129 daAuts
